 Dungeon Crawl Stone Soup version 0.29-a0-416-g83a48905f1 (webtiles) character file.

Game seed: 18097572632722627000

46 hquester the Skirmisher (level 3, -4/29 HPs)
             Began as a Demonspawn Abyssal Knight on May 16, 2022.
             Was a Believer of Lugonu.
             Slain by a worm (9 damage)
             ... on level 2 of the Dungeon.
             The game lasted 00:05:26 (1445 turns).

hquester the Skirmisher (Demonspawn Abyssal Knight) Turns: 1445, Time: 00:05:27

Health: -4/29      AC: 10    Str: 13    XL:     3   Next: 44%
Magic:  5/5        EV:  6    Int: 13    God:    Lugonu [**....]
Gold:   64         SH:  0    Dex: 19    Spells: 2/2 levels left

rFire   . . .      SeeInvis .   a - +1 falchion
rCold   . . .      Faith    .   (no shield)
rNeg    . . .      Spirit   .   f - +0 chain mail
rPois   .          Reflect  .   n - +2 hat
rElec   .          Harm     .   i - scarf {shadows}
rCorr   .          Rampage  .   (no gloves)
Will    .....                   (no boots)
Stlth   ..........              (no amulet)
HPRegen 0.09/turn               o - +6 ring of dexterity
MPRegen 0.18/turn               (no ring)

@: no status effects
A: magic regeneration
a: Renounce Religion, Depart the Abyss, Bend Space


You were on level 2 of the Dungeon.
You worshipped Lugonu.
Lugonu was pleased with you.
You visited 1 branch of the dungeon, and saw 3 of its levels.
You visited the Abyss 1 time.

You collected 64 gold pieces.

Inventory:

Hand Weapons
 a - a +1 falchion (weapon)
Armour
 d - a +0 helmet
 f - a +0 chain mail (worn)
 i - a scarf of shadows (worn)
 n - a +2 hat (worn)
Jewellery
 o - a +6 ring of dexterity (left hand)
Scrolls
 e - 2 scrolls of silence {unknown}
 g - a scroll of brand weapon {unknown}
 h - 2 scrolls of identify {unknown}
 j - a scroll of enchant armour {unknown}
 k - a scroll of vulnerability {unknown}
Potions
 b - a potion of heal wounds {unknown}
 c - a potion of curing
 l - 2 potions of might {unknown}
 m - a potion of lignification {unknown}
 p - a potion of haste {unknown}
 q - a potion of ambrosia {unknown}


   Skills:
 + Level 3.2 Fighting
 + Level 2.0 Long Blades
 + Level 2.1 Armour
 + Level 1.3 Dodging
 + Level 0.4 Spellcasting
 + Level 3.0 Invocations
 + Level 1.0 Evocations


You had 2 spell levels left.
You didn't know any spells.
Your spell library was empty.

Dungeon Overview and Level Annotations

Branches:
Dungeon (3/15)

Altars:
Ashenzari
Zin


Innate Abilities, Weirdness & Mutations

You regenerate magic rapidly.


Message History

Lugonu accepts your kill.
Your Invocations skill increases to level 3!
Your Evocations skill increases to level 1!
Found 10 stones.
p - a smoky cyan potion
There is a stone staircase leading up here.
A rat comes into view.
A goblin comes into view. It is wielding a +0 dagger.
You see here 22 gold pieces.
You slash the rat!
You kill the rat!
Lugonu accepts your kill.
You barely miss the goblin. The goblin hits you but does no damage.
The goblin hits you with a +0 dagger.
You hit the goblin.
You kill the goblin!
Lugonu accepts your kill.
q - a bubbling dark potion You now have 64 gold pieces (gained 22).
There is a stone staircase leading up here.
You start resting.
Something unseen opens the door.
You climb upwards.
There is a stone staircase leading down here.
You hit the worm.
The worm is lightly wounded.
The worm bites you but does no damage.
You barely miss the worm.
The worm is lightly wounded.
The worm bites you!
* * * LOW HITPOINT WARNING * * *
You hit the worm.
The worm is moderately wounded.
The worm barely misses you.
You hit the worm.
The worm is severely wounded.
You hit the worm.
The worm is severely wounded.
The worm bites you!
You die...

#...............
##.........##...
##...)...## ...
##..†#..# ##
##.##(.# ###w..#
#.#.# #w#.# #@#.#
#.#.## #.#..# #.#
##. #.##.# ... ...
#.##.## #.# #..
#..†..# ####.###..
####..###.........
#..##.....###.#
#.........†....


You could see 2 worms.

Vanquished Creatures
  3 adders
  3 endoplasms (D:1)
  A giant cockroach (D:2)
  A goblin (D:3)
  A hobgoblin (D:1)
  2 quokkas (D:2)
  3 ball pythons
  2 bats
  A frilled lizard (D:1)
  A kobold (D:2)
  A rat (D:3)
19 creatures vanquished.

Notes
Turn   | Place    | Note
-------+----------+-------------------------------------------
     0 | Abyss:1  | hquester the Demonspawn Abyssal Knight began the quest for
                  | the Orb.
     0 | Abyss:1  | Reached XP level 1. HP: 18/18 MP: 2/2
   117 | Abyss:1  | Noticed an Executioner
   118 | D:1      | Escaped the Abyss
   449 | D:1      | Reached ** piety under Lugonu
   450 | D:1      | Reached skill level 1 in Dodging
   778 | D:1      | Gained mutation: You regenerate magic rapidly. [demonic
                  | ancestry]
   778 | D:1      | Reached XP level 2. HP: 23/24 MP: 3/3
  1264 | D:2      | Reached XP level 3. HP: 25/29 MP: 5/5
  1343 | D:2      | Found a broken altar of Ashenzari.
  1404 | D:3      | Reached skill level 1 in Evocations
  1445 | D:2      | Slain by a worm

Illustrated notes

Levels and vault maps discovered:
D:1:      sevenhm_arrival_forest_fort_small_6, layout_loops_ring,
          serial_bayou_pond_a
D:2:      layout_loops_ring, basic_altar
D:3:      layout_basic, lemuel_round_altar, grunt_ministairs_11

Skill      XL: |  1  2  3 |
---------------+----------+-----
Dodging        | 1 |  1.3
Long Blades    | 2 |  2.0
Armour         | 2 |  2.1
Invocations    | 3 |  3.0
Evocations     | 1 |  1.0
Fighting       | |  3.2
Spellcasting   | |  0.4

Action                   || total
-------------------------++-------
Melee: Falchion          ||    76
Invok: Depart the Abyss  ||     1
  Use: Potion            ||     1
 Stab: Sleeping          ||     1
Armor: Chain mail        ||    52
       Leather armour    ||     2
Dodge: Dodged            ||    30

Table legend: (Time is in decaauts)
 A = Elapsed time spent in this place.
 B = Non-inter-level travel time spent in this place.
 C = Inter-level travel time spent in this place.
 D = Time resting spent in this place.
 E = Time spent auto-exploring this place.
 F = Levels seen in this place.
 G = Mean time per level.
                   A        B        C        D        E       F      G
               +--------+--------+--------+--------+--------+-----+--------+
         Total |   1460 |   1420 |     40 |      8 |   1090 |   4 |  365.0 |
       Dungeon |   1342 |   1302 |     40 |      8 |   1001 |   3 |  447.3 |
         Abyss |    118 |    118 |      0 |      0 |     89 |   1 |  118.0 |
               +--------+--------+--------+--------+--------+-----+--------+

Top non-repeatable levels by time:
     D:1: 814 daAuts
     D:2: 486 daAuts
 Abyss:1: 118 daAuts
     D:3: 41 daAuts
